 Dungeon Crawl Stone Soup version 0.27.1 (webtiles) character file.

Game seed: 502642787762328011

5981 pkoi the Grappler (level 10, -1/94 HPs)
             Began as a Troll Monk on Aug 24, 2021.
             Was an Elder of Qazlal.
             Slain by an acid dragon (4 damage)
             ... on level 8 of the Dungeon.
             The game lasted 00:10:23 (6936 turns).

pkoi the Grappler (Troll Monk)                      Turns: 6936, Time: 00:10:23

Health: -1/94      AC: -4    Str: 24    XL:     10   Next: 55%
Magic:  0/16       EV: 16    Int:  6    God:    Qazlal [****..]
Gold:   542        SH:  5    Dex: 18    Spells: 9/9 levels left

rFire    . . .     SeeInvis .     - Unarmed
rCold    . . .     Faith    .   (no shield)
rNeg     . . .     Spirit   +   a - +0 robe
rPois    .         Reflect  .   (helmet restricted)
rElec    .         Harm     .   (no cloak)
rCorr    .         Rampage  .   (gloves unavailable)
Will     .....                  (boots unavailable)
Stlth    +.........             o - amulet of guardian spirit
HPRegen  1.25/turn              h - +4 ring of evasion
MPRegen  0.15/turn              e - +6 ring of dexterity

@: corroded, repel missiles
A: large, unfitting armour, claws 3, regeneration 1, shaggy fur 1, tough skin 1
a: Renounce Religion, Upheaval, Elemental Force


You were on level 8 of the Dungeon.
You worshipped Qazlal.
Qazlal was greatly pleased with you.
You visited 2 branches of the dungeon, and saw 10 of its levels.

You collected 542 gold pieces.

Inventory:

Missiles
 k - 3 throwing nets (quivered)
Armour
 a - a +0 robe (worn)
Jewellery
 c - a ring of fire
 e - a +6 ring of dexterity (right claw)
 h - a +4 ring of evasion (left claw)
 o - an amulet of guardian spirit (around neck)
 r - a ring of magical power
Wands
 l - a wand of iceblast (7)
 q - a wand of flame (25)
Scrolls
 f - 2 scrolls of immolation
 i - a scroll of enchant armour {unknown}
 j - 5 scrolls of identify
 s - a scroll of vulnerability {unknown}
 t - 2 scrolls of teleportation {unknown}
 v - a scroll of acquirement {unknown}
 w - a scroll of amnesia
 x - a scroll of magic mapping {unknown}
Potions
 b - a potion of attraction {unknown}
 d - a potion of curing
 g - a potion of magic
 m - a potion of heal wounds
 n - a potion of cancellation {unknown}
 p - 3 potions of brilliance
 u - a potion of flight {unknown}


   Skills:
 + Level 4.4 Fighting
 + Level 4.4 Dodging
 - Level 1.0 Stealth
 + Level 10.9 Unarmed Combat
 + Level 9.3 Invocations


You had 9 spell levels left.
You didn't know any spells.
Your spell library contained the following spells:

 Spells                   Type           Power      Damage    Failure   Level
 Slow                     Hex            0%         N/A       58%         2
 Confusing Touch          Hex            0%         N/A       83%         3
 Conjure Flame            Conj/Fire      0%         6-21      83%         3
 Frozen Ramparts          Ice            0%         1d2       83%         3
 Gell's Gravitas          Tloc           0%         N/A       83%         3
 Ignite Poison            Fire/Tmut/Pois 0%         N/A       83%         3
 Inner Flame              Hex/Fire       0%         N/A       83%         3
 Portal Projectile        Hex/Tloc       0%         N/A       83%         3
 Teleport Other           Tloc           0%         N/A       83%         3
 Vampiric Draining        Necr           0%         2d6       83%         3
 Cause Fear               Hex            0%         N/A       99%         4
 Ice Form                 Ice/Tmut       0%         N/A       99%         4
 Passage of Golubria      Tloc           N/A        N/A       99%         4
 Sticky Flame             Conj/Fire      0%         2d3       99%         4
 Summon Ice Beast         Ice/Summ       0%         N/A       99%         4
 Dispersal                Tloc           0%         N/A       100%        6
 Malign Gateway           Summ/Tloc      0%         N/A       100%        7
 Discord                  Hex            0%         N/A       100%        8


Dungeon Overview and Level Annotations

Branches:
Dungeon (9/15)             Temple (1/1) D:7
   Lair: D:8-11         Orc: D:9-12

Altars:
Ashenzari
Dithmenos
Elyvilon
Fedhas
Gozag
Hepliaklqana
Kikubaaqudgha
Nemelex Xobeh
Okawaru
Qazlal
Sif Muna
Trog
Uskayaw
Vehumet
Wu Jian
Xom
Zin
The Shining One


Innate Abilities, Weirdness & Mutations

You are too large for most types of armour.
You have claws for hands.
Your natural rate of healing is unusually fast.
You are covered in fur. (AC +1)
You have tough skin. (AC +1)


Message History

Unknown command.
You feel very sick.
The gnoll sergeant completely misses you.
The orc warrior closely misses you. The acid dragon bites you.
* * * LOW HITPOINT WARNING * * *
The acid dragon claws you.
* * * LOW HITPOINT WARNING * * *
The centaur zombie is engulfed in freezing vapours.
There is a stone staircase leading up, spattered with blood here.
Things that are here:
a +4 whip of venom; a gnoll corpse Unknown command.
You feel very sick. You block the gnoll sergeant's attack.
The orc warrior is struck by lightning.
You kill the orc warrior!
Qazlal accepts your kill. The gnoll hits you with a +0 flail!
* * * LOW HITPOINT WARNING * * *
The acid dragon spits acid at you. The splash of acid hits you!
* * * LOW HITPOINT WARNING * * *
The acid corrodes you!
You are splashed with acid!
* * * LOW HITPOINT WARNING * * *
You climb upwards.
* * * LOW HITPOINT WARNING * * *
You feel very sick.
There is a stone staircase leading down, spattered with blood here.
Okay, then.
Unknown command.
You feel better.
The gnoll sergeant hits you from afar with a +1 spear of venom!
* * * LOW HITPOINT WARNING * * *
The gnoll closely misses you. You block the acid dragon's attack. x2
Okay, then.
As you read the scroll labelled KIZOFFIUXEMI, it crumbles to dust.
The creatures around you are filled with an inner flame!
It was a scroll of immolation.
The gnoll sergeant misses you. The gnoll barely misses you.
The acid dragon misses you. The acid dragon claws you.
You die...

##.### ###. #...# ##...
##.## ##.... #[.###
#..... ##....## #.....
#..##..## #.....
##..###..### #######.....
#..##
##...#########...........
##..#
##....g@Dg...#######....
##..## ##...########
#.... ...## ###.......#
########## ...#
##....####.# #.........
...#####....## #.#
#......... ....##......#
#.# #.........
....#.......#
##'######...#####.
.....).....##
#...........# #.
...........#
#...........# #.


You could see an acid dragon (inner flame, catching breath), a gnoll sergeant
(inner flame) and a gnoll (inner flame).

Vanquished Creatures
  2 two-headed ogres (D:8)
  A hornet (D:7)
  A wyvern (D:9)
  A steam dragon (D:8)
  9 yaks (D:8)
  Edmund (D:6)
  A water moccasin (D:8)
  Duvessa (D:7)
  An orc warrior (D:9)
  2 ice beasts
  A sky beast (D:7)
  2 black bears (D:4)
  An ogre (D:5)
  A centaur (D:8)
  A phantom (D:6)
  3 bullfrogs
  A gnoll sergeant (D:5)
  A scorpion (D:5)
  Dowan (D:7)
  A water moccasin zombie (D:5)
  10 wights
  3 howler monkeys (D:8)
  A bullfrog zombie (D:5)
  2 centaur zombies (D:6)
  A jelly (D:4)
  4 hounds
  3 orc priests
  2 gnoll shamans
  A centaur skeleton (D:5)
  2 iguanas
  3 orc wizards
  A killer bee zombie (D:6)
  A hound zombie (D:5)
  A hound skeleton (D:4)
  A mummy (D:9)
  2 howler monkey zombies
  13 gnolls
  5 adders
  2 white imps
  2 ufetubi
  2 dart slugs
  25 orcs
  6 ball pythons
  2 bats (D:1)
  9 endoplasms
  A giant cockroach (D:2)
  4 hobgoblins
  7 kobolds
  A quokka (D:2)
  3 frilled lizards
  9 goblins
  A rat (D:2)
163 creatures vanquished.

Notes
Turn   | Place    | Note
-------+----------+-------------------------------------------
     0 | D:1      | pkoi the Troll Monk began the quest for the Orb.
     0 | D:1      | Reached XP level 1. HP: 22/22 MP: 0/0
   380 | D:1      | Reached XP level 2. HP: 29/29 MP: 1/1
  1015 | D:2      | Reached skill level 4 in Unarmed Combat
  1177 | D:2      | Found a faded altar of an unknown god.
  1207 | D:2      | Became a worshipper of Qazlal Stormbringer
  1207 | D:2      | Reached * piety under Qazlal
  1207 | D:2      | Reached ** piety under Qazlal
  1222 | D:2      | Reached XP level 3. HP: 36/36 MP: 2/2
  1526 | D:3      | Reached *** piety under Qazlal
  1533 | D:3      | Reached skill level 1 in Invocations
  1632 | D:3      | Found a broken altar of Ashenzari.
  1632 | D:3      | Found a sparkling altar of Nemelex Xobeh.
  1687 | D:3      | Reached XP level 4. HP: 44/44 MP: 3/3
  1900 | D:3      | Found a glowing silver altar of Zin.
  2201 | D:4      | Reached skill level 5 in Unarmed Combat
  2201 | D:4      | Reached XP level 5. HP: 45/50 MP: 5/5
  2293 | D:4      | Noticed a black bear
  2313 | D:4      | HP: 2/50 [orc priest/nerve-wracking pain (7)]
  2384 | D:4      | Killed a black bear
  2385 | D:4      | Reached XP level 6. HP: 40/59 MP: 7/7
  2632 | D:4      | Reached **** piety under Qazlal
  2694 | D:4      | Reached skill level 6 in Unarmed Combat
  2887 | D:5      | Entered Level 5 of the Dungeon
  2899 | D:5      | Reached XP level 7. HP: 59/66 MP: 9/9
  3044 | D:5      | Reached skill level 7 in Unarmed Combat
  3044 | D:5      | Reached skill level 5 in Invocations
  3170 | D:5      | Identified the +8 short sword "Zoaw" {holy, Str+6 Stlth-}
  3207 | D:5      | Reached XP level 8. HP: 71/74 MP: 11/11
  3575 | D:6      | Found an iron altar of Okawaru.
  3654 | D:6      | Reached skill level 8 in Unarmed Combat
  4092 | D:6      | Noticed Edmund
  4106 | D:6      | Killed Edmund
  4570 | D:7      | Reached skill level 9 in Unarmed Combat
  4684 | D:7      | Noticed Duvessa
  4686 | D:7      | Noticed Dowan
  4694 | D:7      | Killed Duvessa
  4698 | D:7      | Killed Dowan
  4699 | D:7      | Reached XP level 9. HP: 73/80 MP: 1/13
  4896 | D:7      | Found a radiant altar of Vehumet.
  4945 | D:7      | Found a staircase to the Ecumenical Temple.
  4953 | Temple   | Entered the Ecumenical Temple
  5578 | D:8      | Noticed a two-headed ogre
  5580 | D:8      | Killed a two-headed ogre
  5581 | D:8      | Reached skill level 10 in Unarmed Combat
  5876 | D:8      | Found a sand-covered staircase.
  5895 | D:8      | Reached XP level 10. HP: 85/91 MP: 13/15
  6444 | D:9      | Noticed a two-headed ogre
  6459 | D:8      | Killed a two-headed ogre
  6695 | D:9      | Got the Guide on Displacement
  6934 | D:8      | HP: 3/94 [poisoned by a gnoll sergeant]
  6935 | D:8      | HP: 1/94 [gnoll sergeant (9)]
  6936 | D:8      | Slain by an acid dragon

Illustrated notes

Levels and vault maps discovered:
D:1:      minmay_arrival_jagged, layout_loops_corners
D:2:      layout_rooms, hellmonk_ecumenical_altar_heavens_door, hex_medium
D:3:      layout_loops_cross, mainiacjoe_overflow_catwalk,
          nicolae_overflow_hidden_temple, hangedman_decor_peaks_small
D:4:      layout_layer_cave
D:5:      layout_rooms, minmay_diced_spiral
D:6:      layout_loops_corners, lemuel_crystal_altar, uniq_edmund
D:7:      layout_layer_cave, nicolae_vehumet_radiance,
          minmay_temple_entry_trees, uniq_duvessa
D:8:      kennysheep_blocky_hall, layout_cave_pods,
          lightli_ossuary_entry_decrepit_ruins
D:9:      layout_cave_pools, bloody_makhleb, marbit_many_paths,
          lair_entry_dummy, david_orc_3, serial_undead, serial_undead_a,
          serial_undead_a, serial_undead_a, serial_undead_a
Temple:   nicolae_temple_hex_pool

Skill      XL: |  1  2  3  4  5  6  7  8  9 10 |
---------------+-------------------------------+-----
Unarmed Combat | 4 5 6 7 9 10 | 10.9
Invocations    | 1 2 3 4 5 7 8 9 |  9.3
Dodging        | 3 4 |  4.4
Fighting       | 3 4 |  4.4
Stealth        | |  1.0

Action                   |  1- 3 |  4- 6 |  7- 9 | 10-12 || total
-------------------------+-------+-------+-------+-------++-------
Melee: Unarmed           |    74 |   110 |   176 |    85 ||   445
       Punch             |       |     4 |     9 |     5 ||    18
Invok: Upheaval          |       |       |     8 |       ||     8
  Use: Potion            |     2 |     4 |       |     1 ||     7
       Scroll            |     3 |     2 |       |     1 ||     6
 Stab: Sleeping          |     2 |       |       |       ||     2
Armor: Robe              |    19 |    23 |    31 |     7 ||    80
       Skin              |       |    13 |       |       ||    13
Dodge: Dodged            |    29 |    51 |    85 |    58 ||   223
       Repelled          |       |       |     2 |     1 ||     3
Block: Other             |       |    20 |    37 |    19 ||    76
